 Dungeon Crawl Stone Soup version 0.16-a0-3933-g06ce5c0 (webtiles) character file.

103 abixa the Insei (level 4, -1/23 HPs)
             Began as a Vine Stalker Monk on Feb 5, 2015.
             Slain by an ogre
             ... wielding a +0 giant club
              (13 damage)
             ... on level 2 of the Dungeon.
             The game lasted 00:05:11 (1638 turns).

abixa the Insei (Vine Stalker Monk)                 Turns: 1638, Time: 00:05:11

Health: -1/23      AC:  8    Str: 14    XL:     4   Next: 79%
Magic:  0/5        EV: 11    Int: 11    God:
Gold:   81         SH:  0    Dex: 16    Spells: 0 memorised, 3 levels left

rFire  . . .     SeeInvis .       - Unarmed
rCold  . . .     Clarity  .     v - +0 ring mail
rNeg   . . .     SustAb   .     (no shield)
rPois  .         Gourm    .     s - +2 helmet
rElec  .         Spirit   +     (no cloak)
rCorr  .         Warding  .     (no gloves)
rMut   .         Stasis   .     (no boots)
MR     .....                    (no amulet)
Stlth  ++........               (no ring)
                                (no ring)

@: not resistant to hostile enchantments, unstealthy
A: fangs 2, regeneration 1, magic shield, antimagic bite, no device heal 3, rot
immunity
a: no special abilities


You were on level 2 of the Dungeon.
You were not hungry.

You visited 1 branch of the dungeon, and saw 3 of its levels.

You collected 81 gold pieces.

Inventory:

Hand weapons
 m - a +2 short sword of venom
Missiles
 a - 12 silver sling bullets
 d - 164 stones (quivered)
 e - 5 javelins
 i - 28 poisoned needles
 t - 5 tomahawks
Armour
 r - a +0 leather armour
 s - a +2 helmet (worn)
 v - a +0 ring mail (worn)
Jewellery
 w - an uncursed ring of wizardry {unknown}
Scrolls
 c - a scroll of remove curse {unknown}
 g - a scroll of teleportation {unknown}
 h - a scroll of fear {unknown}
 j - 2 scrolls of enchant weapon {unknown}
 k - a scroll of enchant armour {unknown}
 u - a scroll of identify {unknown}
Potions
 f - a potion of heal wounds {unknown}
 l - a potion of might {unknown}
 n - a potion of curing {unknown}
 p - a potion of mutation {unknown}
 x - a potion of agility {unknown}
 z - a potion of brilliance {unknown}
Comestibles
 b - 2 bread rations
 o - 3 meat rations
 q - 3 fruits


   Skills:
 - Level 2.6 Fighting
 - Level 2.4 Dodging
 - Level 2.4 Stealth
 + Level 6.0 Unarmed Combat


You had 3 spell levels left.
You didn't know any spells.

Dungeon Overview and Level Annotations

Branches:
Dungeon (3/15)

Altars:


Innate Abilities, Weirdness & Mutations

You have extremely sharp teeth.
Your natural rate of healing is unusually fast.
When hurt, damage is shared between your health and your magic reserves.
Your bite disrupts and absorbs the magic of your enemies.
Potions and wands cannot restore your health.
You are immune to rotting.


Message History

The quokka is severely wounded.
The quokka bites you but does no damage.
A giant cockroach comes into view.
The ogre hits you with a giant club! The quokka bites you.
An orc comes into view.
The orc shouts!
There is a stone staircase leading up here.
The ogre hits you with a giant club.
You climb upwards.
There is a stone staircase leading down here.
You see here a dagger of holy wrath.
You hit the ogre. You bite the ogre, but do no damage.
The ogre is lightly wounded.
The ogre hits you with a giant club!
You hit the ogre. Your bite misses the ogre.
The ogre is lightly wounded.
The ogre hits you with a giant club!
Ouch! That really hurt!
You die...

######### #.......# #.......#
##################.......##########
................O@.....>.'.........
#..........#...###....)..#########.
#.########.#...# #.......# #.
......####.#...# #.......# #.
#.###.##...#...# #.......# #.
#..<..##.......# ####'#### #.
###.####.......# #.# ###
...............# #.# #..
#.######.......# #.# #.#


You could see an ogre.

Vanquished Creatures
  2 adders (D:2)
  4 gnolls (D:2)
  An ooze (D:2)
  A giant cockroach (D:3)
  9 goblins
  4 hobgoblins
  8 jackals
  2 quokkas
  A ball python (D:2)
  5 bats
  5 giant newts
  4 kobolds
  2 rats (D:1)
48 creatures vanquished.

Notes
Turn   | Place    | Note
--------------------------------------------------------------
     0 | D:1      | abixa, the Vine Stalker Monk, began the quest for the Orb.
     0 | D:1      | Reached XP level 1. HP: 11/11 MP: 1/1
   183 | D:1      | Reached XP level 2. HP: 14/16 MP: 3/3
   646 | D:2      | Reached XP level 3. HP: 19/19 MP: 4/4
   672 | D:2      | Reached skill level 5 in Unarmed Combat
  1171 | D:2      | Reached XP level 4. HP: 18/23 MP: 5/5
  1505 | D:3      | Reached skill level 6 in Unarmed Combat
  1580 | D:3      | Noticed an ogre
  1638 | D:2      | Slain by an ogre

Action                   |  1- 3 |  4- 6 || total
-------------------------+-------+-------++-------
Melee: Unarmed           |   106 |    52 ||   158
Throw: Stone             |     4 |       ||     4
 Stab: Sleeping          |     1 |       ||     1
       Distracted        |       |     1 ||     1
  Eat: Chunk             |       |     2 ||     2
